Blackhawks vs Red Wings
Created - February 11, 2023 at 22:44
Goals
|
| Blackhawks |
0 |
2 |
1 |
3 |
| Red Wings |
1 |
2 |
2 |
5 |
|
Shots
|
| Blackhawks |
6 |
12 |
14 |
32 |
| Red Wings |
12 |
8 |
12 |
32 |
|
1st period
1. Red Wings , Dylan Larkin 7 (Ryan O'Reilly 12, Marko Dano 19) at 3:05
Penalties :
Michael Haley (Det) for Holding (Minor) at 7:33
2nd period
2. Blackhawks , Johnny Gaudreau 21 (Jamie McBain 20, Jordan Staal 22) at 0:06
3. Red Wings , Nino Niederreiter 20 (Henrik Zetterberg 24) at 7:03
4. Red Wings , Drew Fata 2 (Dylan Larkin 12, Marko Dano 20) at 10:18
5. Blackhawks , Johnny Gaudreau 22 (Jordan Staal 23, Jakob Silfverberg 21) at 12:34
Penalties :
T.J. Hensick (Det) for Slashing (Minor) at 17:01
3rd period
6. Red Wings , Martin Frk 2 (Ryan O'Byrne 8) at 1:38
7. Blackhawks , Corey Perry 15 (Derek Roy 20, Antoine Roussel 20) at 13:19
8. Red Wings , T.J. Hensick 10 (Erik Gudbranson 23, Carson Mcmillan 9) at 19:16 (Empty Net)
Penalties :
Jakob Silfverberg (Chi) for Holding Stick (Minor) at 3:57, Cody Franson (Det) for Hooking (Minor) at 4:16, Ryan O'Reilly (Det) for Interference (Minor) at 9:18
Goalie Stats
Tuukka Rask (Chi), 27 saves from 31 shots - (0.871), L, 19-15-3, 59:35 minutes
Robin Lehner (Det), 29 saves from 32 shots - (0.906), W, 13-15-6, 60:00 minutes
Players Stats for Blackhawks
Player Name G A P +/- PIM S H SB GA TA FO MP PP MP PK MP
------------------------------------------------------------------------------------
Antoine Roussel 0 1 1 -2 0 4 3 0 2 0 0/0 17:18 2:46 0:19
Ben Harpur 0 0 0 0 0 0 0 0 1 0 0/0 10:52 0:00 0:00
Blake Wheeler 0 0 0 -1 0 1 2 1 0 1 0/0 12:34 0:16 0:00
Brett Maclean 0 0 0 -1 0 4 0 0 1 1 1/1 12:51 0:05 0:00
Calvin de Haan 0 0 0 0 0 2 0 0 1 1 0/0 10:52 0:00 0:00
Corey Perry 1 0 1 -2 0 3 3 0 0 0 0/0 15:59 2:58 0:00
Derek Roy 0 1 1 -2 0 0 2 0 1 1 10/15 15:59 2:58 0:00
Jakob Silfverberg 0 1 1 1 2 0 2 1 0 1 1/2 21:25 3:14 0:00
James Wright 0 0 0 -1 0 2 0 0 0 0 4/8 12:11 0:00 0:00
Jamie McBain 0 1 1 0 0 2 0 2 0 0 0/0 28:54 3:25 0:19
Johnny Gaudreau 2 0 2 1 0 6 0 0 0 1 1/4 22:56 3:13 0:19
Jordan Staal 0 2 2 1 0 4 2 0 2 1 18/29 21:54 3:14 0:00
Mike Amadio 0 0 0 0 0 1 1 0 0 0 0/0 8:25 0:04 0:00
Nick Bonino 0 0 0 0 0 1 0 0 0 0 2/3 8:14 0:00 0:00
Radko Gudas 0 0 0 0 0 0 2 0 0 3 0/0 28:54 3:25 0:19
Raphael Diaz 0 0 0 -2 0 0 4 0 0 0 0/0 20:14 2:51 0:00
Sean Zimmerman 0 0 0 -2 0 0 0 3 0 0 0/0 20:14 2:51 0:00
Stefan Matteau 0 0 0 0 0 2 0 0 1 0 0/0 8:14 0:00 0:00
Players Stats for Red Wings
Player Name G A P +/- PIM S H SB GA TA FO MP PP MP PK MP
------------------------------------------------------------------------------------
Carson Mcmillan 0 1 1 0 0 1 0 0 0 0 0/0 16:15 0:00 3:23
Cody Franson 0 0 0 2 2 0 2 0 0 1 0/0 14:41 0:18 0:00
Connor Brown 0 0 0 -1 0 2 2 1 1 0 2/2 17:33 0:19 0:00
Drew Fata 1 0 1 0 0 2 4 0 1 1 0/0 26:23 0:00 3:38
Dylan Larkin 1 1 2 2 0 4 1 1 2 0 0/1 17:21 0:00 1:15
Erik Gudbranson 0 1 1 0 0 3 1 1 0 3 0/0 26:36 0:19 3:31
Henrik Zetterberg 0 1 1 -1 0 0 1 1 1 0 12/23 17:02 0:19 0:43
Marko Dano 0 2 2 2 0 2 0 0 1 0 1/1 18:08 0:00 1:36
Martin Frk 1 0 1 1 0 2 1 0 0 0 0/0 6:45 0:00 0:00
Michael Haley 0 0 0 2 2 0 1 1 0 0 0/0 8:20 0:00 1:02
Nino Niederreiter 1 0 1 -1 0 5 2 0 3 0 0/1 17:48 0:19 0:15
Peter Mueller 0 0 0 1 0 1 0 0 0 0 1/3 8:35 0:00 1:48
Philip Samuelsson 0 0 0 0 0 2 2 0 0 1 0/0 19:38 0:00 2:45
Ryan O'Byrne 0 1 1 0 0 0 2 1 0 0 0/0 18:36 0:00 2:38
Ryan O'Reilly 0 1 1 2 2 2 1 0 1 0 4/21 16:36 0:00 0:04
Sergei Kostitsyn 0 0 0 -1 0 3 0 0 0 0 0/0 12:10 0:00 0:00
T.J. Hensick 1 0 1 0 2 3 6 2 0 2 5/10 15:19 0:00 2:26
Tomas Kundratek 0 0 0 2 0 0 1 0 0 1 0/0 14:14 0:00 0:00
3 Stars
1 - Dylan Larkin (Det)
2 - Johnny Gaudreau (Chi)
3 - Marko Dano (Det)
Power Play
Blackhawks - 0 on 4 Attempt(s) - 0.00%
Red Wings - 0 on 1 Attempt(s) - 0.00%
Penalty Kill
Blackhawks - 1 on 1 Attempt(s) - 100.00%
- Score 0 goal in Penalty Kill
Red Wings - 4 on 4 Attempt(s) - 100.00%
- Score 0 goal in Penalty Kill
Team Stat
Blackhawks - Hits : 21 - Faceoff Wins : 37 - Blocked Shots : 7 - Penalty Minutes : 2
Red Wings - Hits : 27 - Faceoff Wins : 25 - Blocked Shots : 8 - Penalty Minutes : 8
Official
Referees : Trevor Hanson and Mitch Dunning
Linesman : Shandor Alphonso and Greg Devorski
Game Notes
T.J. Hensick has scored in a empty net!
Finance
Level 1 -- Attendance: 5771 (96.18%) -- Ticket Income $577,100
Level 2 -- Attendance: 4930 (98.60%) -- Ticket Income $295,800
Level 3 -- Attendance: 1740 (87.00%) -- Ticket Income $60,900
Level 4 -- Attendance: 3797 (94.93%) -- Ticket Income $94,925
Luxury Box -- Attendance: 975 (97.50%) -- Ticket Income $195,000
Game was played at the Little Caesars arena.
Total Attendance: 17213 (95.63%)
Total Ticket Income: $1,223,725
Other Income: $183,559
Total Income: $1,407,284
Blackhawks
5 vs 5 Forward
Center Left Wing Right Wing Time % Phy DF OF
1 Jordan Staal Johnny Gaudreau Jakob Silfverberg 40 1 2 2
2 Derek Roy Antoine Roussel Corey Perry 30 1 2 2
3 James Wright Brett Maclean Blake Wheeler 20 1 2 2
4 Nick Bonino Stefan Matteau Mike Amadio 10 1 2 2
5 vs 5 Defense
Defense Defense Time % Phy DF OF
1 Radko Gudas Jamie McBain 40 1 2 2
2 Raphael Diaz Sean Zimmerman 30 1 2 2
3 Calvin de Haan Ben Harpur 20 1 2 2
4 Radko Gudas Jamie McBain 10 1 2 2
PowerPlay Forward
Center Left Wing Right Wing Time % Phy DF OF
1 Jordan Staal Johnny Gaudreau Jakob Silfverberg 60 1 2 2
2 Derek Roy Antoine Roussel Corey Perry 40 1 2 2
PowerPlay Defense
Defense Defense Time % Phy DF OF
1 Radko Gudas Jamie McBain 60 1 2 2
2 Raphael Diaz Sean Zimmerman 40 1 2 2
Penalty Kill 4 Players Forward
Center Wing Time % Phy DF OF
1 Johnny Gaudreau Antoine Roussel 60 1 2 2
2 Jordan Staal Jakob Silfverberg 40 1 2 2
Penalty Kill 4 Players Defense
Defense Defense Time % Phy DF OF
1 Radko Gudas Jamie McBain 60 1 2 2
2 Raphael Diaz Sean Zimmerman 40 1 2 2
Penalty Kill - 3 Players Forward
Forward Time % Phy DF OF
1 Johnny Gaudreau 60 1 2 2
2 Antoine Roussel 40 1 2 2
Penalty Kill - 3 Players Defense
Defense Defense Time % Phy DF OF
1 Radko Gudas Jamie McBain 60 1 2 2
2 Raphael Diaz Sean Zimmerman 40 1 2 2
4 vs 4 Forward
Center Wing Time % Phy DF OF
1 Johnny Gaudreau Antoine Roussel 60 1 2 2
2 Jordan Staal Jakob Silfverberg 40 1 2 2
4 vs 4 Defense
Defense Defense Time % Phy DF OF
1 Radko Gudas Jamie McBain 60 1 2 2
2 Raphael Diaz Sean Zimmerman 40 1 2 2
Last Minutes Offensive
Center Left Wing Right Wing Defense Defense
Jordan Staal Johnny Gaudreau Jakob Silfverberg Radko Gudas Jamie McBain
Last Minutes Defensive
Center Left Wing Right Wing Defense Defense
Jordan Staal Johnny Gaudreau Jakob Silfverberg Radko Gudas Jamie McBain
Goaltenders
Starting : Tuukka Rask
Backup : Joe Cannata
Extra Forwards
Normal : Brett Maclean, Blake Wheeler, James Wright - PP : Brett Maclean, Blake Wheeler - PK : James Wright
Extra Defensemen
Normal : Calvin de Haan, Ben Harpur, Raphael Diaz - PP : Calvin de Haan - PK : Ben Harpur, Raphael Diaz
Penalty Shots
Johnny Gaudreau, Antoine Roussel, Jordan Staal, Jakob Silfverberg, Corey Perry
Scratches
Petter Granberg (Healthy)
Red Wings
5 vs 5 Forward
Center Left Wing Right Wing Time % Phy DF OF
1 Henrik Zetterberg Nino Niederreiter Connor Brown 35 1 2 2
2 Ryan O'Reilly Marko Dano Dylan Larkin 35 1 2 2
3 T.J. Hensick Sergei Kostitsyn Carson Mcmillan 20 1 2 2
4 Peter Mueller Michael Haley Martin Frk 10 1 2 2
5 vs 5 Defense
Defense Defense Time % Phy DF OF
1 Erik Gudbranson Drew Fata 40 0 2 3
2 Philip Samuelsson Ryan O'Byrne 30 1 2 2
3 Tomas Kundratek Cody Franson 20 1 2 2
4 Tomas Kundratek Cody Franson 10 1 2 2
PowerPlay Forward
Center Left Wing Right Wing Time % Phy DF OF
1 Henrik Zetterberg Nino Niederreiter Connor Brown 60 1 0 4
2 Ryan O'Reilly Marko Dano Dylan Larkin 40 1 0 4
PowerPlay Defense
Defense Defense Time % Phy DF OF
1 Cody Franson Erik Gudbranson 60 0 1 4
2 Philip Samuelsson Drew Fata 40 0 1 4
Penalty Kill 4 Players Forward
Center Wing Time % Phy DF OF
1 T.J. Hensick Carson Mcmillan 60 1 2 2
2 Peter Mueller Michael Haley 40 1 2 2
Penalty Kill 4 Players Defense
Defense Defense Time % Phy DF OF
1 Erik Gudbranson Drew Fata 60 1 2 2
2 Ryan O'Byrne Philip Samuelsson 40 1 2 2
Penalty Kill - 3 Players Forward
Forward Time % Phy DF OF
1 Carson Mcmillan 60 1 2 2
2 Michael Haley 40 1 2 2
Penalty Kill - 3 Players Defense
Defense Defense Time % Phy DF OF
1 Drew Fata Erik Gudbranson 60 1 2 2
2 Philip Samuelsson Ryan O'Byrne 40 1 2 2
4 vs 4 Forward
Center Wing Time % Phy DF OF
1 Connor Brown Nino Niederreiter 60 1 2 2
2 Ryan O'Reilly Marko Dano 40 1 2 2
4 vs 4 Defense
Defense Defense Time % Phy DF OF
1 Erik Gudbranson Philip Samuelsson 60 1 2 2
2 Drew Fata Cody Franson 40 1 2 2
Last Minutes Offensive
Center Left Wing Right Wing Defense Defense
Henrik Zetterberg Nino Niederreiter Connor Brown Erik Gudbranson Philip Samuelsson
Last Minutes Defensive
Center Left Wing Right Wing Defense Defense
T.J. Hensick Michael Haley Carson Mcmillan Drew Fata Erik Gudbranson
Goaltenders
Starting : Robin Lehner
Backup : Mike McKenna
Extra Forwards
Normal : Carson Mcmillan, Dylan Larkin, T.J. Hensick - PP : T.J. Hensick, Carson Mcmillan - PK : T.J. Hensick
Extra Defensemen
Normal : Erik Gudbranson, Cody Franson, Philip Samuelsson - PP : Tomas Kundratek - PK : Cody Franson, Drew Fata
Penalty Shots
Connor Brown, Dylan Larkin, Nino Niederreiter, Marko Dano, Henrik Zetterberg
Scratches
David Rundblad (Back Injury), Josh Jooris (Healthy)
% Time on Ice - Blackhawks
Lines # - Real PCT - Wanted PCT - Time Play
Normal Forward
1 - 35% - 40% - 17:54
2 - 25% - 30% - 13:01
3 - 24% - 20% - 12:11
4 - 16% - 10% - 8:14
Normal Defense
1 - 41% - 40% - 20:49
2 - 33% - 30% - 16:57
3 - 21% - 20% - 10:52
4 - 5% - 10% - 2:42
PP Forward
1 - 52% - 60% - 3:17
2 - 48% - 40% - 2:59
PP Defense
1 - 55% - 60% - 3:25
2 - 45% - 40% - 2:51
PK Forward
1 - 100% - 60% - 0:19
2 - 0% - 40% - 0:00
PK Defense
1 - 100% - 60% - 0:19
2 - 0% - 40% - 0:00
PK3 Forward
1 - 0% - 60%
2 - 0% - 40%
PK3 Defense
1 - 0% - 60%
2 - 0% - 40%
44 Forward
1 - 72% - 60% - 1:12
2 - 28% - 40% - 0:28
44 Defense
1 - 74% - 60% - 1:14
2 - 26% - 40% - 0:26
Last Minute Offensive - 0:25
Last Minute Defensive - 0:00
Total
Forward - 60:00
Defense - 60:00
|
% Time on Ice - Red Wings
Lines # - Real PCT - Wanted PCT - Time Play
Normal Forward
1 - 32% - 35% - 16:19
2 - 31% - 35% - 16:06
3 - 24% - 20% - 12:10
4 - 13% - 10% - 6:45
Normal Defense
1 - 41% - 40% - 21:08
2 - 31% - 30% - 15:58
3 - 19% - 20% - 9:50
4 - 9% - 10% - 4:24
PP Forward
1 - 100% - 60% - 0:19
2 - 0% - 40% - 0:00
PP Defense
1 - 100% - 60% - 0:19
2 - 0% - 40% - 0:00
PK Forward
1 - 75% - 60% - 4:43
2 - 25% - 40% - 1:33
PK Defense
1 - 58% - 60% - 3:38
2 - 42% - 40% - 2:38
PK3 Forward
1 - 0% - 60%
2 - 0% - 40%
PK3 Defense
1 - 0% - 60%
2 - 0% - 40%
44 Forward
1 - 74% - 60% - 1:14
2 - 26% - 40% - 0:26
44 Defense
1 - 55% - 60% - 0:55
2 - 45% - 40% - 0:45
Last Minute Offensive - 0:00
Last Minute Defensive - 0:25
Total
Forward - 60:00
Defense - 60:00
|
Play-by-Play
1st period
0:01 of 1st period - Henrik Zetterberg wins face-off versus Jordan Staal in neutral zone.
0:04 of 1st period - Snap shot by Nino Niederreiter.
0:04 of 1st period - Stopped by Tuukka Rask with a rebound.
0:06 of 1st period - Slapshot by Henrik Zetterberg.
0:06 of 1st period - Deflect By Nino Niederreiter.
0:06 of 1st period - Deflect By Radko Gudas.
0:06 of 1st period - Stopped by Tuukka Rask with a rebound.
0:08 of 1st period - Slapshot by Drew Fata.
0:08 of 1st period - Shot Misses the Net.
0:12 of 1st period - Snap shot by Connor Brown.
0:12 of 1st period - Shot Blocked by Jamie McBain.
0:32 of 1st period - Snap shot by Antoine Roussel.
0:32 of 1st period - Stopped by Robin Lehner with a rebound.
1:06 of 1st period - James Wright is hit by Nino Niederreiter and loses puck.
1:21 of 1st period - Wrist shot by Brett Maclean.
1:21 of 1st period - Stopped by Robin Lehner with a rebound.
1:41 of 1st period - Snap shot by Johnny Gaudreau.
1:41 of 1st period - Shot Misses the Net.
2:21 of 1st period - Carson Mcmillan is hit by Mike Amadio and loses puck.
2:32 of 1st period - Slapshot by Sergei Kostitsyn.
2:32 of 1st period - Stopped by Tuukka Rask with a rebound.
2:47 of 1st period - Slapshot by Erik Gudbranson.
2:47 of 1st period - Stopped by Tuukka Rask with a rebound.
2:49 of 1st period - Snap shot by Drew Fata.
2:49 of 1st period - Stopped by Tuukka Rask with a rebound.
2:51 of 1st period - Snap shot by Connor Brown.
2:51 of 1st period - Shot Misses the Net.
2:53 of 1st period - Snap shot by Nino Niederreiter.
2:53 of 1st period - Stopped by Tuukka Rask without a rebound.
2:54 of 1st period - Derek Roy wins face-off versus Ryan O'Reilly in Blackhawks zone.
3:01 of 1st period - Slapshot by Ryan O'Reilly.
3:01 of 1st period - Shot Misses the Net.
3:03 of 1st period - Snap shot by Ryan O'Reilly.
3:03 of 1st period - Shot Misses the Net.
3:05 of 1st period - Wrist shot by Dylan Larkin.
3:05 of 1st period - Goal by Dylan Larkin - Blackhawks : 0 - Red Wings : 1.
3:06 of 1st period - Jordan Staal wins face-off versus Ryan O'Reilly in neutral zone.
3:53 of 1st period - Slapshot by Sergei Kostitsyn.
3:53 of 1st period - Stopped by Tuukka Rask without a rebound.
3:54 of 1st period - Nick Bonino wins face-off versus T.J. Hensick in Blackhawks zone.
4:20 of 1st period - Ryan O'Reilly is hit by Jordan Staal and loses puck.
4:25 of 1st period - Snap shot by Jordan Staal.
4:25 of 1st period - Stopped by Robin Lehner with a rebound.
4:27 of 1st period - Slapshot by Sean Zimmerman.
4:27 of 1st period - Deflect By Jakob Silfverberg.
4:27 of 1st period - Shot Blocked by Dylan Larkin.
4:27 of 1st period - Puck is out of play.
4:28 of 1st period - Jordan Staal wins face-off versus Henrik Zetterberg in Red Wings zone.
4:43 of 1st period - Slapshot by Johnny Gaudreau.
4:43 of 1st period - Stopped by Robin Lehner without a rebound.
4:44 of 1st period - James Wright wins face-off versus Ryan O'Reilly in Red Wings zone.
5:11 of 1st period - Brett Maclean is hit by Tomas Kundratek and loses puck.
5:42 of 1st period - Wrist shot by Nino Niederreiter.
5:42 of 1st period - Shot Blocked by Jakob Silfverberg.
5:51 of 1st period - Icing by Jakob Silfverberg.
5:52 of 1st period - Derek Roy wins face-off versus T.J. Hensick in Blackhawks zone.
6:39 of 1st period - Erik Gudbranson is hit by Raphael Diaz and loses puck.
6:46 of 1st period - Wrist shot by Nick Bonino.
6:46 of 1st period - Shot Misses the Net.
6:48 of 1st period - Wrist shot by Calvin de Haan.
6:48 of 1st period - Stopped by Robin Lehner without a rebound.
6:49 of 1st period - Henrik Zetterberg wins face-off versus Derek Roy in Red Wings zone.
7:33 of 1st period - Minor Penalty to Michael Haley for Holding.
7:34 of 1st period - Johnny Gaudreau wins face-off versus T.J. Hensick in Red Wings zone.
9:33 of 1st period - Penalty to Michael Haley is over, Michael Haley is back on ice.
9:37 of 1st period - Snap shot by Carson Mcmillan.
9:37 of 1st period - Stopped by Tuukka Rask with a rebound.
9:39 of 1st period - Slapshot by Erik Gudbranson.
9:39 of 1st period - Stopped by Tuukka Rask without a rebound.
9:40 of 1st period - James Wright wins face-off versus Henrik Zetterberg in Blackhawks zone.
10:07 of 1st period - Calvin de Haan is hit by Cody Franson.
10:27 of 1st period - Corey Perry is hit by Martin Frk and loses puck.
10:44 of 1st period - Johnny Gaudreau is hit by T.J. Hensick.
10:48 of 1st period - Johnny Gaudreau is hit by T.J. Hensick and loses puck.
11:09 of 1st period - Snap shot by Brett Maclean.
11:09 of 1st period - Stopped by Robin Lehner without a rebound.
11:10 of 1st period - Ryan O'Reilly wins face-off versus James Wright in Red Wings zone.
11:51 of 1st period - Icing by Jakob Silfverberg.
11:52 of 1st period - Jakob Silfverberg wins face-off versus Ryan O'Reilly in Blackhawks zone.
12:54 of 1st period - Wrist shot by Sergei Kostitsyn.
12:54 of 1st period - Shot Misses the Net.
14:12 of 1st period - Wrist shot by Carson Mcmillan.
14:12 of 1st period - Shot Misses the Net.
14:30 of 1st period - Nick Bonino is hit by Erik Gudbranson and loses puck.
14:56 of 1st period - Philip Samuelsson is hit by Corey Perry.
15:10 of 1st period - Wrist shot by Johnny Gaudreau.
15:10 of 1st period - Shot Misses the Net.
15:41 of 1st period - Wrist shot by T.J. Hensick.
15:41 of 1st period - Stopped by Tuukka Rask without a rebound.
15:42 of 1st period - Derek Roy wins face-off versus Henrik Zetterberg in Blackhawks zone.
15:42 of 1st period - Derek Roy is hit by Connor Brown.
15:56 of 1st period - Henrik Zetterberg is hit by Antoine Roussel and loses puck.
16:30 of 1st period - James Wright is hit by T.J. Hensick and loses puck.
16:39 of 1st period - Snap shot by T.J. Hensick.
16:39 of 1st period - Shot Blocked by Sean Zimmerman.
16:41 of 1st period - Slapshot by Erik Gudbranson.
16:41 of 1st period - Shot Misses the Net.
17:51 of 1st period - Snap shot by Ryan O'Reilly.
17:51 of 1st period - Shot Misses the Net.
18:55 of 1st period - Wrist shot by Philip Samuelsson.
18:55 of 1st period - Stopped by Tuukka Rask without a rebound.
18:56 of 1st period - Ryan O'Reilly wins face-off versus Jordan Staal in Blackhawks zone.
19:05 of 1st period - Marko Dano is hit by Jordan Staal and loses puck.
19:32 of 1st period - Off-side.
19:33 of 1st period - Jordan Staal wins face-off versus Ryan O'Reilly in neutral zone.
19:41 of 1st period - Radko Gudas is hit by Dylan Larkin and loses puck.
Goals for this period are 0 for Blackhawks vs 1 for Red Wings.
Shots for this period are 6 for Blackhawks vs 12 for Red Wings.
2nd period
0:01 of 2nd period - Jordan Staal wins face-off versus Henrik Zetterberg in neutral zone.
0:06 of 2nd period - Snap shot by Johnny Gaudreau.
0:06 of 2nd period - Goal by Johnny Gaudreau - Blackhawks : 1 - Red Wings : 1.
0:07 of 2nd period - Jordan Staal wins face-off versus Ryan O'Reilly in neutral zone.
0:12 of 2nd period - Slapshot by Johnny Gaudreau.
0:12 of 2nd period - Stopped by Robin Lehner without a rebound.
0:13 of 2nd period - Marko Dano wins face-off versus Jordan Staal in Red Wings zone.
0:20 of 2nd period - Wrist shot by Ryan O'Reilly.
0:20 of 2nd period - Stopped by Tuukka Rask without a rebound.
0:21 of 2nd period - Jordan Staal wins face-off versus Henrik Zetterberg in Blackhawks zone.
1:02 of 2nd period - Wrist shot by T.J. Hensick.
1:02 of 2nd period - Shot Misses the Net.
1:04 of 2nd period - Wrist shot by Sergei Kostitsyn.
1:04 of 2nd period - Deflect By T.J. Hensick.
1:04 of 2nd period - Shot Misses the Net.
1:04 of 2nd period - Puck is out of play.
1:05 of 2nd period - Derek Roy wins face-off versus Ryan O'Reilly in Blackhawks zone.
1:31 of 2nd period - Brett Maclean is hit by Cody Franson and loses puck.
1:38 of 2nd period - Snap shot by Connor Brown.
1:38 of 2nd period - Stopped by Tuukka Rask with a rebound.
2:03 of 2nd period - Slapshot by Erik Gudbranson.
2:03 of 2nd period - Deflect By Corey Perry.
2:03 of 2nd period - Stopped by Tuukka Rask without a rebound.
2:04 of 2nd period - Derek Roy wins face-off versus Ryan O'Reilly in Blackhawks zone.
2:21 of 2nd period - Wrist shot by Ryan O'Reilly.
2:21 of 2nd period - Shot Misses the Net.
3:17 of 2nd period - Snap shot by Jakob Silfverberg.
3:17 of 2nd period - Shot Misses the Net.
3:19 of 2nd period - Wrist shot by Brett Maclean.
3:19 of 2nd period - Shot Misses the Net.
3:21 of 2nd period - Slapshot by Radko Gudas.
3:21 of 2nd period - Shot Misses the Net.
3:23 of 2nd period - Snap shot by Blake Wheeler.
3:23 of 2nd period - Stopped by Robin Lehner without a rebound.
3:24 of 2nd period - Brett Maclean wins face-off versus Ryan O'Reilly in Red Wings zone.
3:29 of 2nd period - Snap shot by James Wright.
3:29 of 2nd period - Stopped by Robin Lehner without a rebound.
3:30 of 2nd period - James Wright wins face-off versus Ryan O'Reilly in Red Wings zone.
4:24 of 2nd period - Wrist shot by Dylan Larkin.
4:24 of 2nd period - Shot Blocked by Sean Zimmerman.
4:26 of 2nd period - Snap shot by Marko Dano.
4:26 of 2nd period - Shot Blocked by Blake Wheeler.
4:50 of 2nd period - Wrist shot by Marko Dano.
4:50 of 2nd period - Stopped by Tuukka Rask without a rebound.
4:51 of 2nd period - Jordan Staal wins face-off versus Henrik Zetterberg in Blackhawks zone.
5:22 of 2nd period - Slapshot by Corey Perry.
5:22 of 2nd period - Shot Blocked by T.J. Hensick.
5:24 of 2nd period - Snap shot by Antoine Roussel.
5:24 of 2nd period - Stopped by Robin Lehner without a rebound.
5:25 of 2nd period - Henrik Zetterberg wins face-off versus Derek Roy in Red Wings zone.
5:52 of 2nd period - Calvin de Haan is hit by Philip Samuelsson and loses puck.
6:01 of 2nd period - Snap shot by Jordan Staal.
6:01 of 2nd period - Stopped by Robin Lehner without a rebound.
6:02 of 2nd period - Derek Roy wins face-off versus T.J. Hensick in Red Wings zone.
6:19 of 2nd period - Slapshot by Corey Perry.
6:19 of 2nd period - Shot Misses the Net.
6:41 of 2nd period - Snap shot by Connor Brown.
6:41 of 2nd period - Shot Blocked by Jamie McBain.
7:01 of 2nd period - Snap shot by Dylan Larkin.
7:01 of 2nd period - Stopped by Tuukka Rask without a rebound.
7:02 of 2nd period - Henrik Zetterberg wins face-off versus Derek Roy in Blackhawks zone.
7:03 of 2nd period - Snap shot by Nino Niederreiter.
7:03 of 2nd period - Goal by Nino Niederreiter - Blackhawks : 1 - Red Wings : 2.
7:04 of 2nd period - Jordan Staal wins face-off versus Henrik Zetterberg in neutral zone.
7:31 of 2nd period - Sean Zimmerman is hit by T.J. Hensick and loses puck.
8:04 of 2nd period - Slapshot by Stefan Matteau.
8:04 of 2nd period - Stopped by Robin Lehner without a rebound.
8:05 of 2nd period - Jordan Staal wins face-off versus Nino Niederreiter in Red Wings zone.
8:15 of 2nd period - Off-side.
8:16 of 2nd period - Jordan Staal wins face-off versus Henrik Zetterberg in neutral zone.
8:27 of 2nd period - Wrist shot by Johnny Gaudreau.
8:27 of 2nd period - Stopped by Robin Lehner with a rebound.
8:43 of 2nd period - Erik Gudbranson is hit by Antoine Roussel and loses puck.
9:41 of 2nd period - Icing by Drew Fata.
9:42 of 2nd period - Henrik Zetterberg wins face-off versus Jordan Staal in Red Wings zone.
9:42 of 2nd period - Henrik Zetterberg is hit by Radko Gudas.
10:16 of 2nd period - Snap shot by Dylan Larkin.
10:16 of 2nd period - Shot Misses the Net.
10:18 of 2nd period - Slapshot by Drew Fata.
10:18 of 2nd period - Goal by Drew Fata - Blackhawks : 1 - Red Wings : 3.
10:19 of 2nd period - Henrik Zetterberg wins face-off versus Jordan Staal in neutral zone.
10:45 of 2nd period - Cody Franson is hit by Derek Roy and loses puck.
11:08 of 2nd period - Ryan O'Byrne is hit by Blake Wheeler and loses puck.
11:29 of 2nd period - Peter Mueller is hit by Jakob Silfverberg and loses puck.
11:48 of 2nd period - Johnny Gaudreau is hit by Nino Niederreiter.
11:56 of 2nd period - Radko Gudas is hit by Connor Brown.
12:32 of 2nd period - Snap shot by Jakob Silfverberg.
12:32 of 2nd period - Deflect By Jordan Staal.
12:32 of 2nd period - Stopped by Robin Lehner with a rebound.
12:34 of 2nd period - Wrist shot by Johnny Gaudreau.
12:34 of 2nd period - Goal by Johnny Gaudreau - Blackhawks : 2 - Red Wings : 3.
12:35 of 2nd period - Henrik Zetterberg wins face-off versus Derek Roy in neutral zone.
13:33 of 2nd period - Mike Amadio is hit by T.J. Hensick and loses puck.
13:48 of 2nd period - Tomas Kundratek is hit by Corey Perry.
14:06 of 2nd period - Jordan Staal is hit by Henrik Zetterberg and loses puck.
14:29 of 2nd period - Slapshot by Jamie McBain.
14:29 of 2nd period - Stopped by Robin Lehner with a rebound.
14:31 of 2nd period - Slapshot by Brett Maclean.
14:31 of 2nd period - Stopped by Robin Lehner with a rebound.
15:55 of 2nd period - Snap shot by Dylan Larkin.
15:55 of 2nd period - Stopped by Tuukka Rask without a rebound.
15:56 of 2nd period - Derek Roy wins face-off versus Ryan O'Reilly in Blackhawks zone.
16:44 of 2nd period - Carson Mcmillan is hit by Raphael Diaz.
17:01 of 2nd period - Minor Penalty to T.J. Hensick for Slashing.
17:02 of 2nd period - Jordan Staal wins face-off versus Dylan Larkin in Red Wings zone.
18:55 of 2nd period - Ryan O'Byrne is hit by Antoine Roussel and loses puck.
19:01 of 2nd period - Penalty to T.J. Hensick is over, T.J. Hensick is back on ice.
19:38 of 2nd period - Off-side.
19:39 of 2nd period - James Wright wins face-off versus Peter Mueller in neutral zone.
Goals for this period are 2 for Blackhawks vs 2 for Red Wings.
Shots for this period are 12 for Blackhawks vs 8 for Red Wings.
3rd period
0:01 of 3rd period - Jordan Staal wins face-off versus Ryan O'Reilly in neutral zone.
0:04 of 3rd period - Dylan Larkin is hit by Jakob Silfverberg and loses puck.
0:15 of 3rd period - Wrist shot by Marko Dano.
0:15 of 3rd period - Stopped by Tuukka Rask with a rebound.
0:17 of 3rd period - Slapshot by Philip Samuelsson.
0:17 of 3rd period - Stopped by Tuukka Rask without a rebound.
0:18 of 3rd period - Henrik Zetterberg wins face-off versus Derek Roy in Blackhawks zone.
0:19 of 3rd period - Wrist shot by Connor Brown.
0:19 of 3rd period - Stopped by Tuukka Rask without a rebound.
0:20 of 3rd period - Derek Roy wins face-off versus Henrik Zetterberg in Blackhawks zone.
0:58 of 3rd period - Johnny Gaudreau is hit by Ryan O'Reilly and loses puck.
1:29 of 3rd period - Jamie McBain is hit by Philip Samuelsson and loses puck.
1:36 of 3rd period - Snap shot by Martin Frk.
1:36 of 3rd period - Stopped by Tuukka Rask with a rebound.
1:38 of 3rd period - Wrist shot by Martin Frk.
1:38 of 3rd period - Goal by Martin Frk - Blackhawks : 2 - Red Wings : 4.
1:39 of 3rd period - Ryan O'Reilly wins face-off versus Jordan Staal in neutral zone.
1:50 of 3rd period - Wrist shot by Dylan Larkin.
1:50 of 3rd period - Shot Misses the Net.
1:52 of 3rd period - Snap shot by Dylan Larkin.
1:52 of 3rd period - Stopped by Tuukka Rask without a rebound.
1:53 of 3rd period - Jordan Staal wins face-off versus Henrik Zetterberg in Blackhawks zone.
2:55 of 3rd period - Carson Mcmillan is hit by Blake Wheeler and loses puck.
3:44 of 3rd period - Snap shot by Sergei Kostitsyn.
3:44 of 3rd period - Stopped by Tuukka Rask without a rebound.
3:45 of 3rd period - Jordan Staal wins face-off versus Henrik Zetterberg in Blackhawks zone.
3:45 of 3rd period - Jordan Staal is hit by Drew Fata.
3:57 of 3rd period - Minor Penalty to Jakob Silfverberg for Holding Stick.
3:58 of 3rd period - Henrik Zetterberg wins face-off versus Johnny Gaudreau in Blackhawks zone.
4:16 of 3rd period - Minor Penalty to Cody Franson for Hooking.
4:17 of 3rd period - Connor Brown wins face-off versus Johnny Gaudreau in Red Wings zone.
4:53 of 3rd period - Icing by Drew Fata.
4:54 of 3rd period - Connor Brown wins face-off versus Johnny Gaudreau in Red Wings zone.
5:20 of 3rd period - Slapshot by Jamie McBain.
5:20 of 3rd period - Shot Misses the Net.
5:43 of 3rd period - Johnny Gaudreau is hit by Drew Fata and loses puck.
5:57 of 3rd period - Penalty to Jakob Silfverberg is over, Jakob Silfverberg is back on ice.
6:09 of 3rd period - Off-side.
6:10 of 3rd period - T.J. Hensick wins face-off versus Jordan Staal in neutral zone.
6:13 of 3rd period - Jordan Staal is hit by Ryan O'Byrne and loses puck.
6:16 of 3rd period - Penalty to Cody Franson is over, Cody Franson is back on ice.
6:32 of 3rd period - Ryan O'Reilly is hit by Raphael Diaz and loses puck.
6:37 of 3rd period - Slapshot by Calvin de Haan.
6:37 of 3rd period - Stopped by Robin Lehner with a rebound.
6:39 of 3rd period - Slapshot by Calvin de Haan.
6:39 of 3rd period - Shot Blocked by Ryan O'Byrne.
7:51 of 3rd period - Off-side.
7:52 of 3rd period - Nick Bonino wins face-off versus Ryan O'Reilly in neutral zone.
8:18 of 3rd period - Stefan Matteau is hit by Drew Fata and loses puck.
8:35 of 3rd period - Raphael Diaz is hit by Drew Fata and loses puck.
8:55 of 3rd period - Snap shot by Jordan Staal.
8:55 of 3rd period - Stopped by Robin Lehner without a rebound.
8:56 of 3rd period - Derek Roy wins face-off versus Ryan O'Reilly in Red Wings zone.
9:09 of 3rd period - Radko Gudas is hit by Ryan O'Byrne and loses puck.
9:18 of 3rd period - Minor Penalty to Ryan O'Reilly for Interference.
9:19 of 3rd period - Jordan Staal wins face-off versus T.J. Hensick in Red Wings zone.
9:28 of 3rd period - Jamie McBain is hit by T.J. Hensick and loses puck.
9:55 of 3rd period - Snap shot by Antoine Roussel.
9:55 of 3rd period - Shot Blocked by Michael Haley.
9:57 of 3rd period - Wrist shot by Corey Perry.
9:57 of 3rd period - Stopped by Robin Lehner without a rebound.
9:58 of 3rd period - T.J. Hensick wins face-off versus Jordan Staal in Red Wings zone.
10:37 of 3rd period - T.J. Hensick is hit by Derek Roy and loses puck.
11:05 of 3rd period - Icing by Jordan Staal.
11:06 of 3rd period - Jordan Staal wins face-off versus Peter Mueller in Blackhawks zone.
11:18 of 3rd period - Penalty to Ryan O'Reilly is over, Ryan O'Reilly is back on ice.
11:27 of 3rd period - Snap shot by Brett Maclean.
11:27 of 3rd period - Stopped by Robin Lehner with a rebound.
11:29 of 3rd period - Slapshot by Jamie McBain.
11:29 of 3rd period - Stopped by Robin Lehner with a rebound.
11:31 of 3rd period - Snap shot by Jamie McBain.
11:31 of 3rd period - Shot Blocked by Henrik Zetterberg.
11:33 of 3rd period - Snap shot by Jamie McBain.
11:33 of 3rd period - Shot Misses the Net.
11:49 of 3rd period - Slapshot by Corey Perry.
11:49 of 3rd period - Stopped by Robin Lehner without a rebound.
11:50 of 3rd period - Derek Roy wins face-off versus Ryan O'Reilly in Red Wings zone.
11:59 of 3rd period - Slapshot by Dylan Larkin.
11:59 of 3rd period - Shot Misses the Net.
12:05 of 3rd period - Drew Fata is hit by Corey Perry and loses puck.
12:25 of 3rd period - Snap shot by Sean Zimmerman.
12:25 of 3rd period - Shot Blocked by Connor Brown.
12:27 of 3rd period - Snap shot by Johnny Gaudreau.
12:27 of 3rd period - Stopped by Robin Lehner with a rebound.
12:43 of 3rd period - Wrist shot by T.J. Hensick.
12:43 of 3rd period - Stopped by Tuukka Rask with a rebound.
12:45 of 3rd period - Slapshot by Erik Gudbranson.
12:45 of 3rd period - Shot Misses the Net.
12:47 of 3rd period - Snap shot by T.J. Hensick.
12:47 of 3rd period - Deflect By Sergei Kostitsyn.
12:47 of 3rd period - Shot Misses the Net.
12:47 of 3rd period - Puck is out of play.
12:48 of 3rd period - Jordan Staal wins face-off versus Ryan O'Reilly in Blackhawks zone.
13:17 of 3rd period - Wrist shot by Antoine Roussel.
13:17 of 3rd period - Shot Misses the Net.
13:19 of 3rd period - Snap shot by Derek Roy.
13:19 of 3rd period - Deflect By Corey Perry.
13:19 of 3rd period - Goal by Corey Perry - Blackhawks : 3 - Red Wings : 4.
13:20 of 3rd period - Henrik Zetterberg wins face-off versus Jordan Staal in neutral zone.
14:41 of 3rd period - Wrist shot by Nick Bonino.
14:41 of 3rd period - Stopped by Robin Lehner without a rebound.
14:42 of 3rd period - Jordan Staal wins face-off versus Ryan O'Reilly in Red Wings zone.
16:14 of 3rd period - Slapshot by Johnny Gaudreau.
16:14 of 3rd period - Deflect By Mike Amadio.
16:14 of 3rd period - Stopped by Robin Lehner without a rebound.
16:15 of 3rd period - Ryan O'Reilly wins face-off versus Nick Bonino in Red Wings zone.
16:34 of 3rd period - Snap shot by Ryan O'Reilly.
16:34 of 3rd period - Stopped by Tuukka Rask with a rebound.
16:40 of 3rd period - Ryan O'Byrne is hit by Radko Gudas and loses puck.
16:47 of 3rd period - Wrist shot by Stefan Matteau.
16:47 of 3rd period - Stopped by Robin Lehner without a rebound.
16:48 of 3rd period - Henrik Zetterberg wins face-off versus Jakob Silfverberg in Red Wings zone.
16:59 of 3rd period - Snap shot by Nino Niederreiter.
16:59 of 3rd period - Stopped by Tuukka Rask with a rebound.
17:01 of 3rd period - Snap shot by Erik Gudbranson.
17:01 of 3rd period - Shot Blocked by Sean Zimmerman.
17:15 of 3rd period - Johnny Gaudreau is hit by Michael Haley and loses puck.
17:20 of 3rd period - Wrist shot by Peter Mueller.
17:20 of 3rd period - Stopped by Tuukka Rask without a rebound.
17:21 of 3rd period - Peter Mueller wins face-off versus James Wright in Blackhawks zone.
17:52 of 3rd period - Wrist shot by Peter Mueller.
17:52 of 3rd period - Shot Hit the Post.
17:59 of 3rd period - Off-side.
18:00 of 3rd period - T.J. Hensick wins face-off versus Jordan Staal in neutral zone.
18:12 of 3rd period - T.J. Hensick is hit by Raphael Diaz and loses puck.
18:33 of 3rd period - Slapshot by Antoine Roussel.
18:33 of 3rd period - Stopped by Robin Lehner with a rebound.
18:35 of 3rd period - Snap shot by Antoine Roussel.
18:35 of 3rd period - Stopped by Robin Lehner without a rebound.
18:36 of 3rd period - Henrik Zetterberg wins face-off versus James Wright in Red Wings zone.
18:51 of 3rd period - Blackhawks, Tuukka Rask is pulled from the net.
18:51 of 3rd period - Wrist shot by James Wright.
18:51 of 3rd period - Stopped by Robin Lehner without a rebound.
18:52 of 3rd period - Jon Cooper call a timeout for Blackhawks.
18:52 of 3rd period - T.J. Hensick wins face-off versus Jordan Staal in Red Wings zone.
19:01 of 3rd period - Wrist shot by Jakob Silfverberg.
19:01 of 3rd period - Shot Blocked by T.J. Hensick.
19:16 of 3rd period - Snap shot by T.J. Hensick.
19:16 of 3rd period - Goal by T.J. Hensick - Blackhawks : 3 - Red Wings : 5.
19:16 of 3rd period - Tuukka Rask from Blackhawks was sent back in the game.
19:17 of 3rd period - T.J. Hensick wins face-off versus James Wright in neutral zone.
19:28 of 3rd period - Slapshot by Radko Gudas.
19:28 of 3rd period - Shot Blocked by Erik Gudbranson.
Goals for this period are 1 for Blackhawks vs 2 for Red Wings.
Shots for this period are 14 for Blackhawks vs 12 for Red Wings.